cohdb
Replays
Latest Replays
All Replays
Popular Replays
Top Player Replays
Match Explorer
How It Works
Community
CoH3 Stats
Reddit
Sign in to upload your games and track your stats! →
Sign in with Steam
Match 45801737
Unlisted
Match 45801737
Overview
Messages
Build Orders
End
Engineer Squad
Selects Special Operations Battlegroup
Selects M29 Weasel Recon Vehicle
M29 Weasel Recon Vehicle
Construct Weapon Support Center
M1919 Machine Gun Team
M29 Weasel Recon Vehicle
Air Support Center
P-47 Strafing Run
Grasshopper Recon Run
P-47 Dive Bomb
Construct Motor Pool
M8 Greyhound Armored Car
M8 Greyhound Armored Car
Selects Smoke Screen
Double Sortie
P-47 Strafing Run
Grasshopper Recon Run
P-47 Strafing Run
Selects SSF Commando Squad
SSF Commando Squad
Air Supply
是谁最爱吃哈基米
SLIM
始源的黄皮土狼
Under Taker
Honey
khj
Zebra
스팀계정족같네
0
0
Comments
sign in to comment!
No comments posted yet!